 Dungeon Crawl Stone Soup version 0.27.1-1-g398f81649c (webtiles) character file.

Game seed: 3426739533650836969

3584 pkoi the Grappler (level 9, -3/84 HPs)
             Began as a Troll Monk on Sept 16, 2021.
             Was a Priest of Dithmenos.
             Slain by a water moccasin (5 damage)
             ... on level 7 of the Dungeon.
             The game lasted 00:07:27 (5137 turns).

pkoi the Grappler (Troll Monk)                      Turns: 5137, Time: 00:07:27

Health: -3/84      AC:  4    Str: 24    XL:     9   Next: 85%
Magic:  8/8        EV: 12    Int:  6    God:    Dithmenos [***...]
Gold:   320        SH:  0    Dex: 12    Spells: 8/8 levels left

rFire    . . .     SeeInvis +     - Unarmed
rCold    . . .     Faith    .   (no shield)
rNeg     . . .     Spirit   .   a - +0 robe
rPois    .         Reflect  .   (helmet restricted)
rElec    .         Harm     .   (no cloak)
rCorr    .         Rampage  .   (gloves unavailable)
Will     .....                  (boots unavailable)
Stlth    ++........             (no amulet)
HPRegen  1.24/turn              g - ring of see invisible
MPRegen  0.11/turn              p - ring of flight

@: mighty, lethally poisoned (-3 -> -4), about to teleport, flying, wreathed by
umbra
A: large, unfitting armour, claws 3, regeneration 1, shaggy fur 1, tough skin 1
a: Renounce Religion, Shadow Step


You were on level 7 of the Dungeon.
You worshipped Dithmenos.
Dithmenos was most pleased with you.
You visited 2 branches of the dungeon, and saw 8 of its levels.

You collected 320 gold pieces.

Inventory:

Missiles
 i - 10 boomerangs (quivered)
 n - 8 curare-tipped darts
 t - 3 throwing nets
Armour
 a - a +0 robe (worn)
Jewellery
 g - a ring of see invisible (left claw)
 m - an amulet of magic regeneration
 o - a ring of ice
 p - a ring of flight (right claw)
Wands
 l - a wand of iceblast (8)
 r - a wand of flame (34)
 s - a wand of polymorph (12)
Scrolls
 f - a scroll of teleportation
Potions
 c - 3 potions of cancellation
 d - 4 potions of heal wounds
 e - a potion of berserk rage
 h - 2 potions of flight
 k - 2 potions of curing


   Skills:
 + Level 3.7 Fighting
 - Level 2.0 Throwing
 + Level 6.9 Dodging
 - Level 1.3 Stealth
 * Level 11.2 Unarmed Combat


You had 8 spell levels left.
You didn't know any spells.
Your spell library contained the following spells:

 Spells                   Type           Power      Damage    Failure   Level
 Foxfire                  Conj/Fire      0%         2x1d4     45%         1
 Sandblast                Erth           0%         2d4       45%         1
 Passwall                 Tmut/Erth      0%         N/A       58%         2
 Conjure Flame            Conj/Fire      0%         6-21      83%         3
 Inner Flame              Hex/Fire       0%         N/A       83%         3
 Animate Dead             Necr           0%         N/A       99%         4
 Lee's Rapid Deconstruct  Erth           0%         3d5*      100%        5
 Haunt                    Necr/Summ      0%         N/A       100%        7
 Infestation              Necr           0%         N/A       100%        8


Dungeon Overview and Level Annotations

Branches:
Dungeon (7/15)             Temple (1/1) D:6

Altars:
Ashenzari
Dithmenos
Fedhas
Gozag
Hepliaklqana
Kikubaaqudgha
Makhleb
Nemelex Xobeh
Okawaru
Ru
Sif Muna
Trog
Uskayaw
Vehumet
Wu Jian
Xom
Yredelemnul
Zin
The Shining One

Shops:
D:4 (   D:5 *

Annotations:
D:7 Dowan


Innate Abilities, Weirdness & Mutations

You are too large for most types of armour.
You have claws for hands.
Your natural rate of healing is unusually fast.
You are covered in fur. (AC +1)
You have tough skin. (AC +1)


Message History

Duvessa says, "My weaknesses are his strengths!"
Duvessa hits you but does no damage. The iguana bites you!
* * * LOW HITPOINT WARNING * * *
Your Unarmed Combat skill increases to level 11!
You scratch Duvessa. Your claw misses Duvessa.
Duvessa is lightly wounded.
Dowan hits you with a +0 dagger.
* * * LOW HITPOINT WARNING * * *
Duvessa hits you with a +0 short sword!
* * * LOW HITPOINT WARNING * * *
The water moccasin bites you!
* * * LOW HITPOINT WARNING * * *
The iguana barely misses you.
You mangle Duvessa!!
Duvessa is heavily wounded.
The water moccasin bites you but does no damage.
Dowan casts a spell at you. The puff of frost hits you!
* * * LOW HITPOINT WARNING * * *
Unknown command.
You closely miss Duvessa.
Duvessa is heavily wounded.
Duvessa barely misses you. The iguana barely misses you.
The water moccasin bites you but does no damage.
Unknown command.
You mangle Duvessa!!
You kill Duvessa!
Dithmenos accepts your kill.
Dowan screams, "No!
Oh no!"
Dowan seems to find hidden reserves of power!
Dowan hits you but does no damage. The water moccasin bites you!
* * * LOW HITPOINT WARNING * * *
You are poisoned.
The water moccasin poisons you! The iguana misses you.
Dowan closely misses you.
As you read the scroll of teleportation, it crumbles to dust.
You feel strangely unstable.
* * * LOW HITPOINT WARNING * * *
You feel sick. The water moccasin bites you.
You die...

#####
####.........#
#
#............#
#
#.........####
# #.........#
# #.........#
# #######+#.#
# #...# ##..#
#)@#
#leS......
#.>.....?.
##........
....:....
.........
.........
..........


You could see a water moccasin, Dowan (fast) and an iguana.

Vanquished Creatures
  Harold (D:7)
  A manticore (D:7)
  Maggie (D:7)
  A wyvern (D:7)
  Duvessa (D:7)
  A water moccasin (D:7)
  2 sky beasts
  2 black bears
  2 necrophages
  3 ogres (D:4)
  A phantom (D:7)
  2 bullfrogs
  2 scorpions
  A water moccasin skeleton (D:4)
  A bullfrog zombie (D:5)
  A centaur zombie (D:5)
  A hound (D:5)
  A jelly (D:4)
  2 orc priests
  Natasha (thrice) (D:3)
  2 iguanas
  4 orc wizards
  Terence (D:3)
  A howler monkey skeleton (D:5)
  4 gnolls (D:7)
  12 adders
  A white imp (D:6)
  2 ufetubi
  A worm (D:3)
  A dart slug (D:2)
  21 orcs
  9 ball pythons
  8 endoplasms
  3 giant cockroaches
  6 goblins
  4 hobgoblins
  9 jackals
  6 kobolds
  3 quokkas
  9 bats
  2 frilled lizards (D:1)
  6 rats
145 creatures vanquished.

Vanquished Creatures (collateral kills)
  A hobgoblin (D:3)
1 creature vanquished.

Vanquished Creatures (others)
  3 plants (D:1)
3 creatures vanquished.

Grand Total: 149 creatures vanquished

Notes
Turn   | Place    | Note
-------+----------+-------------------------------------------
     0 | D:1      | pkoi the Troll Monk began the quest for the Orb.
     0 | D:1      | Reached XP level 1. HP: 22/22 MP: 0/0
   265 | D:1      | Reached XP level 2. HP: 29/29 MP: 1/1
   949 | D:2      | Noticed a necrophage
   951 | D:2      | Reached XP level 3. HP: 36/36 MP: 2/2
   959 | D:2      | Killed a necrophage
   960 | D:2      | Reached skill level 4 in Unarmed Combat
   960 | D:2      | Reached XP level 4. HP: 42/44 MP: 3/3
   981 | D:2      | Reached XP level 5. HP: 41/53 MP: 4/4
  1809 | D:3      | Reached skill level 5 in Unarmed Combat
  1877 | D:3      | Noticed Natasha
  1884 | D:3      | Killed Natasha
  1921 | D:3      | Found a shadowy altar of Dithmenos.
  1931 | D:3      | Found a burning altar of Makhleb.
  1932 | D:3      | Found a sparkling altar of Nemelex Xobeh.
  1942 | D:3      | Found a glowing silver altar of Zin.
  1955 | D:3      | Became a worshipper of Dithmenos the Shadowed
  1955 | D:3      | Reached * piety under Dithmenos
  1955 | D:3      | Reached ** piety under Dithmenos
  2090 | D:3      | Reached XP level 6. HP: 61/61 MP: 5/5
  2161 | D:3      | Noticed Terence
  2172 | D:3      | Killed Terence
  2229 | D:3      | Noticed Natasha
  2237 | D:3      | Killed Natasha
  2343 | D:3      | Noticed Natasha
  2348 | D:3      | Killed Natasha
  2464 | D:4      | Reached skill level 1 in Throwing
  2464 | D:4      | Reached skill level 6 in Unarmed Combat
  2473 | D:4      | Reached XP level 7. HP: 67/67 MP: 6/6
  2474 | D:4      | Found Danwi's Antique Weapon Boutique.
  2673 | D:4      | Reached skill level 7 in Unarmed Combat
  2841 | D:4      | Found a sacrificial altar of Ru.
  2909 | D:5      | Entered Level 5 of the Dungeon
  2922 | D:5      | Found Vorph's Overcharged Wands.
  3003 | D:5      | Reached *** piety under Dithmenos
  3122 | D:5      | Reached XP level 8. HP: 73/75 MP: 7/7
  3333 | D:5      | Reached skill level 8 in Unarmed Combat
  3625 | D:5      | Reached skill level 5 in Dodging
  3723 | D:6      | Found a staircase to the Ecumenical Temple.
  3742 | Temple   | Entered the Ecumenical Temple
  4344 | D:7      | Reached skill level 9 in Unarmed Combat
  4433 | D:7      | Noticed Harold
  4451 | D:7      | Killed Harold
  4452 | D:7      | Reached skill level 10 in Unarmed Combat
  4452 | D:7      | Reached XP level 9. HP: 12/81 MP: 8/8
  4539 | D:7      | Noticed a manticore
  4548 | D:7      | Killed a manticore
  5123 | D:7      | Noticed Maggie
  5125 | D:7      | Noticed Duvessa
  5126 | D:7      | Noticed Dowan
  5132 | D:7      | Killed Maggie
  5133 | D:7      | Reached skill level 11 in Unarmed Combat
  5136 | D:7      | Killed Duvessa
  5136 | D:7      | HP: 3/84 [water moccasin (7)]
  5137 | D:7      | Slain by a water moccasin

Illustrated notes

Levels and vault maps discovered:
D:1:      dpeg_arrival_court, layout_rooms, serial_forest,
          infiniplex_forest_corner_2, infiniplex_forest_end_2,
          infiniplex_forest_straight_2, infiniplex_forest_lined_2,
          infiniplex_forest_lined_3, infiniplex_forest_clump_tiny,
          infiniplex_forest_lined_2, infiniplex_forest_clump_long,
          infiniplex_forest_end_1
D:2:      layout_basic, grunt_ministairs_5
D:3:      layout_loops_ring, minitemple, uniq_natasha, uniq_terence
D:4:      layout_rooms, nicolae_ru_the_path_less_chosen, serial_shops,
          nicolae_shop_stone
D:5:      layout_loops_ring, chequers_serial_rivers_large_a,
          nicolae_shop_overcharged_wands
D:6:      layout_rooms, minmay_temple_entry_large_hall
D:7:      layout_basic, serial_shops, shop_fountains, uniq_harold, uniq_duvessa,
          uniq_maggie
Temple:   eino_temple_water

Skill      XL: |  1  2  3  4  5  6  7  8  9 |
---------------+----------------------------+-----
Dodging        | 3 4 6 |  6.9
Unarmed Combat | 4 5 6 7 10 11 | 11.2
Fighting       | 3 |  3.7
Throwing       | 1 2 |  2.0
Stealth        | |  1.3

Action                   |  1- 3 |  4- 6 |  7- 9 || total
-------------------------+-------+-------+-------++-------
Melee: Unarmed           |    65 |   165 |   185 ||   415
       Punch             |     1 |     3 |     7 ||    11
  Use: Scroll            |       |     8 |     8 ||    16
       Potion            |       |       |     2 ||     2
 Stab: Sleeping          |       |     2 |    10 ||    12
       Distracted        |       |     1 |     1 ||     2
Armor: Robe              |    24 |    46 |    29 ||    99
Dodge: Dodged            |    45 |   102 |   120 ||   267
